 Dungeon Crawl Stone Soup version 0.27.1-1-g398f81649c (webtiles) character file.

Game seed: 14921258968130786064

213 chaosape the Covert (level 5, -1/47 HPs)
             Began as a Gnoll Wanderer on Sept 16, 2021.
             Slain by a black bear (7 damage)
             ... on level 4 of the Dungeon.
             The game lasted 00:18:15 (4591 turns).

chaosape the Covert (Gnoll Wanderer)                Turns: 4591, Time: 00:18:16

Health: -1/47      AC: 10    Str: 12    XL:     5   Next: 90%
Magic:  7/7        EV: 10    Int: 10    God:
Gold:   118        SH:  5    Dex: 13    Spells: 7/7 levels left

rFire    . . .     SeeInvis .   l - +3 hand axe (vorpal)
rCold    . . .     Faith    .   (no shield)
rNeg     . . .     Spirit   .   b - +3 scale mail
rPois    .         Reflect  +   (no helmet)
rElec    .         Harm     .   (no cloak)
rCorr    +         Rampage  .   (no gloves)
Will     .....                  k - +0 pair of boots
Stlth    +++.......             i - amulet "Daun" {Reflect Fly rCorr SH+5 Stlth+}
HPRegen  0.15/turn              (no ring)
MPRegen  0.10/turn              (no ring)

@: flying
A: fangs 1, strong nose, distributed training
a: no special abilities


You were on level 4 of the Dungeon.
You visited 1 branch of the dungeon, and saw 4 of its levels.

You collected 118 gold pieces.

Inventory:

Hand Weapons
 a - a +0 spear
 d - a +0 dagger
 l - a +3 vorpal hand axe (weapon)
 n - a +0 dagger of speed
Missiles
 f - 7 curare-tipped darts (quivered)
 g - 38 sling bullets
Armour
 b - a +3 scale mail (worn)
 k - a +0 pair of boots (worn)
 m - a +1 ring mail of fire resistance
Magical Staves
 c - a staff of fire
Jewellery
 e - an amulet of guardian spirit
 i - the amulet "Daun" (around neck) {Reflect Fly rCorr SH+5 Stlth+}
   (You acquired it on level 4 of the Dungeon)

   [amulet of reflection]

   It reflects blocked missile attacks.
   Fly:       It grants you flight.
   rCorr:     It protects you from acid and corrosion.
   SH:        It affects your SH (+5).
   Stlth:     It makes you more stealthy.
Scrolls
 h - a scroll of brand weapon
 j - 2 scrolls of identify


   Skills:
 + Level 6.7 Fighting
 + Level 1.6 Short Blades
 + Level 1.6 Long Blades
 + Level 1.6 Axes
 + Level 1.6 Maces & Flails
 + Level 1.6 Polearms
 + Level 1.6 Staves
 + Level 1.6 Slings
 + Level 1.6 Bows
 + Level 1.6 Crossbows
 + Level 1.6 Throwing
 + Level 3.1 Armour
 + Level 4.8 Dodging
 + Level 8.0 Stealth
 + Level 1.6 Shields
 + Level 1.6 Unarmed Combat
 + Level 1.6 Spellcasting
 + Level 1.3 Conjurations
 + Level 1.3 Hexes
 + Level 1.3 Summonings
 + Level 1.3 Necromancy
 + Level 1.3 Translocations
 + Level 1.3 Transmutations
 + Level 1.3 Fire Magic
 + Level 1.3 Ice Magic
 + Level 1.3 Air Magic
 + Level 1.3 Earth Magic
 + Level 1.3 Poison Magic
 + Level 1.9 Invocations
 + Level 1.6 Evocations


You had 7 spell levels left.
You didn't know any spells.
Your spell library contained the following spells:

 Spells                   Type           Power      Damage    Failure   Level
 Magic Dart               Conj           12%        1d3       67%         1
 Call Imp                 Summ           3%         N/A       80%         2
 Mephitic Cloud           Conj/Pois/Air  3%         N/A       95%         3
 Cause Fear               Hex            1%         N/A       100%        4
 Dragon Form              Tmut           1%         N/A       100%        7
 Dragon's Call            Summ           1%         N/A       100%        9


Dungeon Overview and Level Annotations

Branches:
Dungeon (4/15)
 Temple: D:4-7

Altars:
Kikubaaqudgha

Shops:
D:3 *

Annotations:
D:4 Robin


Innate Abilities, Weirdness & Mutations

You have very sharp teeth.
Your uncanny sense of smell can sniff out nearby items.
Your experience applies equally to all skills.


Message History

The black bear is almost dead.
The black bear bites you but does no damage.
The black bear claws you but does no damage. x2
The black bear bites you but does no damage.
The black bear barely misses you. You block the black bear's attack.
You hit the black bear.
You bite the black bear, but do no damage.
The black bear is almost dead.
You hit the worm. The black bear bites you! The black bear misses you.
The black bear barely misses you. You block the black bear's attack.
The black bear barely misses you. x2; The worm bites you.
* * * LOW HITPOINT WARNING * * *
Okay, then.
You aren't carrying any potions.
The black bear bites you.
* * * LOW HITPOINT WARNING * * *
The black bear barely misses you. You block the black bear's attack.
You closely miss the black bear. Your bite misses the black bear.
The black bear is almost dead.
The black bear bites you.
* * * LOW HITPOINT WARNING * * *
The black bear claws you but does no damage.
The black bear closely misses you.
The black bear bites you but does no damage.
The black bear closely misses you. You block the black bear's attack.
You barely miss the black bear.
The black bear is almost dead.
You barely miss the worm.
The black bear bites you but does no damage.
The black bear claws you but does no damage.
You block the black bear's attack. The black bear misses you.
The black bear barely misses you. x2
The black bear rages.
The black bear closely misses you.
The black bear claws you but does no damage.
The black bear closely misses you.
You hit the black bear.
The black bear is almost dead.
The black bear bites you!
You die...

##........# ##.. #.............
........##### ##.................
..###.......## ......##.........
#. #.<.#.. $.. .......#........#
.......#####.## #...............#
.............. #...^...........
S............# ####.....##.......
.............###.....#.##.....##.
?g.............h@..........#.....
..............w##.##.......##....
#.........†...####..........#.##.
. ........?....##..##.....#...#.
#. .....#$..........##.....#....#
....... ###..#......#.....##....#
h#.... #..#...#).###.##....##.#
gS .. ##.##.##....#####...#### .#
. #.##........# #...#


You could see a black bear (berserk) and a worm.

Vanquished Creatures
  A hound (D:3)
  Natasha (D:2)
  A howler monkey skeleton (D:4)
  6 adders
  An adder skeleton (D:4)
  2 dart slugs
  2 orcs
  5 bats
  6 endoplasms
  3 giant cockroaches
  21 goblins
  11 hobgoblins
  2 jackals
  8 kobolds
  7 ball pythons
  3 frilled lizards
  4 rats
84 creatures vanquished.

Notes
Turn   | Place    | Note
-------+----------+-------------------------------------------
     0 | D:1      | chaosape the Gnoll Wanderer began the quest for the Orb.
     0 | D:1      | chaosape set off with the following items: a +0 spear, a +2
                  | scale mail, a potion of lignification, a +0 dagger
     0 | D:1      | Reached XP level 1. HP: 23/23 MP: 1/1
   222 | D:1      | Reached XP level 2. HP: 29/29 MP: 2/2
   325 | D:1      | Found a faded altar of an unknown god.
   788 | D:2      | Reached XP level 3. HP: 24/35 MP: 3/3
   895 | D:2      | Reached skill level 1 in Invocations
  1325 | D:2      | Reached skill level 1 in Short Blades
  1325 | D:2      | Reached skill level 1 in Long Blades
  1325 | D:2      | Reached skill level 1 in Axes
  1325 | D:2      | Reached skill level 1 in Maces & Flails
  1325 | D:2      | Reached skill level 1 in Polearms
  1325 | D:2      | Reached skill level 1 in Staves
  1325 | D:2      | Reached skill level 1 in Slings
  1325 | D:2      | Reached skill level 1 in Bows
  1325 | D:2      | Reached skill level 1 in Crossbows
  1325 | D:2      | Reached skill level 1 in Throwing
  1325 | D:2      | Reached skill level 1 in Shields
  1325 | D:2      | Reached skill level 1 in Unarmed Combat
  1325 | D:2      | Reached skill level 1 in Spellcasting
  1325 | D:2      | Reached skill level 1 in Evocations
  1599 | D:2      | Found an ancient bone altar of Kikubaaqudgha.
  1666 | D:2      | Noticed Natasha
  1673 | D:2      | Reached XP level 4. HP: 41/41 MP: 5/5
  2745 | D:2      | Reached skill level 1 in Conjurations
  2745 | D:2      | Reached skill level 1 in Hexes
  2745 | D:2      | Reached skill level 1 in Summonings
  2745 | D:2      | Reached skill level 1 in Necromancy
  2745 | D:2      | Reached skill level 1 in Translocations
  2745 | D:2      | Reached skill level 1 in Transmutations
  2745 | D:2      | Reached skill level 1 in Fire Magic
  2745 | D:2      | Reached skill level 1 in Ice Magic
  2745 | D:2      | Reached skill level 1 in Air Magic
  2745 | D:2      | Reached skill level 1 in Earth Magic
  2745 | D:2      | Reached skill level 1 in Poison Magic
  2965 | D:2      | Killed Natasha
  2966 | D:2      | Reached XP level 5. HP: 27/47 MP: 4/7
  3610 | D:3      | Found Qeqaob's General Store.
  3899 | D:4      | Noticed a black bear
  3988 | D:4      | Noticed Robin
  4095 | D:4      | Noticed an ogre
  4384 | D:4      | Identified a scroll of acquirement
  4385 | D:4      | Acquired the amulet "Daun" {Reflect Fly rCorr SH+5 Stlth+}
  4430 | D:4      | Reached skill level 8 in Stealth
  4591 | D:4      | Slain by a black bear

Illustrated notes

Levels and vault maps discovered:
D:1:      minmay_arrival_checkered_box, layout_loops_ring,
          shapermc_ecumenical_altar_mp_highgroup
D:2:      layout_loops_cross, basic_altar, minmay_goblin_outpost, uniq_natasha
D:3:      layout_loops_ring, serial_shops, shop, hangedman_decor_peaks_small
D:4:      layout_cave_pools, nzn_random_ring, uniq_robin, uniq_duvessa

Skill      XL: |  1  2  3  4  5 |
---------------+----------------+-----
Invocations    | 1 |  1.9
Short Blades   | 1 |  1.6
Long Blades    | 1 |  1.6
Axes           | 1 |  1.6
Maces & Flails | 1 |  1.6
Polearms       | 1 |  1.6
Staves         | 1 |  1.6
Slings         | 1 |  1.6
Bows           | 1 |  1.6
Crossbows      | 1 |  1.6
Throwing       | 1 |  1.6
Shields        | 1 |  1.6
Unarmed Combat | 1 |  1.6
Spellcasting   | 1 |  1.6
Evocations     | 1 |  1.6
Conjurations   | 1 |  1.3
Hexes          | 1 |  1.3
Summonings     | 1 |  1.3
Necromancy     | 1 |  1.3
Translocations | 1 |  1.3
Transmutations | 1 |  1.3
Fire Magic     | 1 |  1.3
Ice Magic      | 1 |  1.3
Air Magic      | 1 |  1.3
Earth Magic    | 1 |  1.3
Poison Magic   | 1 |  1.3
Armour         | 3 |  3.1
Stealth        | 8 |  8.0
Fighting       | |  6.7
Dodging        | |  4.8

Action                   |  1- 3 |  4- 6 || total
-------------------------+-------+-------++-------
Melee: Spear             |   145 |    15 ||   160
       Bite              |    12 |     9 ||    21
       Hand axe          |       |   132 ||   132
  Use: Potion            |     1 |       ||     1
       Scroll            |       |     9 ||     9
 Stab: Sleeping          |     4 |     5 ||     9
Armor: Scale mail        |    42 |    88 ||   130
       Skin              |    26 |       ||    26
Dodge: Dodged            |    42 |   128 ||   170
Block: Other             |       |    15 ||    15
